Map: Snowy Mesa

Players

Tenonee

  • Race: Zerg Zerg
  • League: Platinum

Rain

  • Race: Terran Terran

DrinkBEER - Winner!

  • Race: Terran Terran

DrinkVODKA - Winner!

  • Race: Terran Terran

VOD

Have the link to the VOD?

Description

Time

  • Played on: July 26, 2016, 4:51 a.m.
  • Length: 6:02
Show
View Real Time Build Order
Export as new Build Order

Tenonee Zerg 

Build Orders: Hatch First 

Get SALT Encoding   

  12  0:01  Drone  
  13  0:08  Drone  
  14  0:18  Overlord  
  14  0:36  Drone x3  
  17  0:47  Drone  
  18  0:56  Hatchery  
  17  1:00  Drone  
  18  1:04  Extractor  
  17  1:15  Spawning Pool  
  16  1:21  Drone x2  
  18  1:30  Overlord  
  18  1:43  Drone  
  19  1:53  Drone  
  20  2:05  Metabolic Boost  
  20  2:06  Queen  
  22  2:14  Queen  
  24  2:17  Drone  
  24  2:18  Drone x2  
  27  2:25  Zergling x4  
  29  2:37  Overlord  
  29  2:38  Overlord  
  29  2:58  Queen  
  29  3:04  Queen  
  33  3:06  Hatchery  
  33  3:07  Drone x2  
  34  3:15  Drone  
  34  3:16  Drone x3  
  36  3:35  Drone x4  
  36  3:36  Drone, Overlord  
  41  3:49  Drone x3  
  44  3:57  Zergling x10  
  49  4:12  Drone  
  49  4:13  Drone x2  
  49  4:15  Lair  
  52  4:19  Extractor  
  52  4:20  Extractor  
  50  4:36  Drone, Roach Warren  
  50  4:37  Drone x8  
  58  4:38  Overlord  
  58  4:39  Overlord  
  58  4:41  Extractor  
  57  4:59  Spore Crawler  
  56  5:12  Queen x2  
  59  5:20  Evolution Chamber  
  58  5:21  Evolution Chamber  
  58  5:24  Roach x4  
  58  5:25  Roach x4  
  58  5:27  Overlord  
  58  5:28  Overlord x2  
  72  5:34  Roach x2  
  72  5:44  Overlord x2  
  72  5:47  Hatchery  
Show
View Real Time Build Order
Export as new Build Order

Rain Terran 

Build Orders: 1/1/1 

Get SALT Encoding   

  13  0:13  Supply Depot, SCV  
  13  0:26  SCV  
  13  0:27  Refinery  
  14  0:40  Barracks  
  14  0:43  SCV  
  15  0:56  SCV  
  16  1:08  SCV  
  17  1:19  Supply Depot  
  17  1:27  Orbital Command  
  17  1:28  Marine  
  18  1:34  Factory  
  18  1:46  Marine  
  19  1:53  SCV  
  20  2:04  Marine  
  20  2:05  SCV  
  22  2:17  SCV  
  22  2:19  Hellion, Starport  
  22  2:21  Marine  
  26  2:27  Supply Depot  
  26  2:29  SCV  
  27  2:39  Marine  
  27  2:40  Hellion  
  27  2:41  SCV  
  31  2:56  Medivac  
  31  2:57  Marine  
  34  3:02  Hellion  
  36  3:20  Barracks  
  36  3:22  Barracks  
  36  3:23  Hellion  
  36  3:25  SCV  
  36  3:26  Refinery  
  39  3:28  Barracks Tech Lab  
  39  3:37  Supply Depot, Medivac  
  39  3:40  SCV  
  37  4:12  Barracks Tech Lab, Barracks Reactor  
  32  4:26  Marine  
  32  4:27  Starport Reactor  
  33  4:31  Supply Depot x2  
  33  4:46  Marine x2  
  33  4:48  Marine x2  
  34  5:00  Widow Mine  
  34  5:04  Marine x2  
  34  5:06  Marine  
Show
View Real Time Build Order
Export as new Build Order

DrinkBEER Terran - Winner!

Build Orders: Banshee Rush 

Get SALT Encoding   

  12  0:01  SCV  
  13  0:13  SCV  
  14  0:23  Supply Depot  
  14  0:25  SCV  
  15  0:42  Refinery  
  15  0:44  SCV  
  15  0:46  Barracks  
  16  0:56  SCV  
  17  1:09  SCV  
  18  1:16  Refinery  
  18  1:21  SCV  
  19  1:33  Orbital Command  
  19  1:34  Supply Depot, Marine  
  20  1:56  Marine  
  20  2:00  Factory  
  21  2:05  SCV  
  22  2:13  Marine  
  23  2:33  Marine  
  23  2:34  SCV  
  25  2:40  Command Center  
  25  2:46  SCV  
  25  2:50  Factory Tech Lab  
  25  2:51  Starport  
  26  3:01  Bunker  
  26  3:04  SCV  
  27  3:07  Barracks Tech Lab  
  27  3:12  Supply Depot  
  27  3:16  SCV  
  28  3:47  Banshee  
  28  3:48  Cloaking Field, Siege Tank  
  31  3:50  SCV  
  31  3:54  Engineering Bay  
  35  3:56  Orbital Command  
  35  4:10  Marine  
  35  4:14  SCV  
  37  4:21  Siege Tank  
  40  4:30  Banshee  
  43  4:37  SCV x2  
  45  4:40  Refinery  
  45  4:41  Missile Turret, Refinery  
  45  4:46  Supply Depot  
  45  4:48  Supply Depot  
  45  4:49  SCV x2  
  47  5:01  SCV x2  
  49  5:13  Banshee  
  52  5:14  Siege Tank  
  52  5:18  SCV x2  
  54  5:24  Starport  
  54  5:26  Starport  
  54  5:30  SCV  
  54  5:31  SCV  
  56  5:43  SCV x2  
Show
View Real Time Build Order
Export as new Build Order

DrinkVODKA Terran - Winner!

Build Orders:  

Get SALT Encoding   

  12  0:00  SCV  
  13  0:13  SCV  
  14  0:18  Supply Depot  
  14  0:25  SCV  
  15  0:40  SCV  
  15  0:41  Barracks  
  16  0:45  Refinery  
  16  0:52  SCV  
  16  0:56  Refinery  
  17  1:04  SCV  
  18  1:16  SCV  
  19  1:31  Supply Depot  
  19  1:32  Orbital Command  
  19  1:33  Barracks Reactor  
  19  1:46  Factory  
  19  1:55  Barracks  
  19  1:59  SCV  
  20  2:10  Marine  
  20  2:11  SCV  
  20  2:12  Marine  
  23  2:24  SCV  
  24  2:31  Starport  
  24  2:32  Marine x2  
  26  2:39  SCV  
  26  2:43  Barracks Tech Lab  
  27  2:51  Supply Depot, Marine, SCV  
  27  2:54  Marine  
  30  3:04  SCV  
  31  3:05  Stimpack  
  31  3:07  Factory Tech Lab  
  31  3:12  Medivac  
  31  3:13  Marine  
  34  3:21  Supply Depot, Marine  
  35  3:31  Siege Tank  
  38  3:39  Marine  
  39  3:42  Marine, Medivac  
  42  3:49  SCV  
  41  3:58  Marine x2  
  41  4:11  Marine  
  41  4:16  Marine  
  41  4:19  Marine  
  42  4:26  Siege Tank  
  42  4:28  Marine  
  46  4:32  Command Center  
  46  4:34  Marine  
  46  4:37  Marine  
  48  4:45  SCV  
  49  4:46  Marine  
  50  4:54  Medivac  
  50  4:56  Marine x2  
  54  5:00  SCV  
  55  5:17  Marine  
  55  5:19  Marine  
  55  5:36  Starport Reactor  
  55  5:43  Marine x3  
Tags
 
Add a new tag
Caveats
  • Supply blocks, unpowered buildings, or Contaminate may cause inaccurate times.
  • Supply counts are checked every 10 seconds.